 BcadrenCrawl: Boulder Brew version 0.05.3-3-g4e3ee91005 (webtiles) character file.

Game seed: 17710653895500643393, levelgen mode: deterministic

290452 theanonym the Skullcrusher (level 19, -21/187 HPs) Minotaur Noble. Began on Sept 10, 2021. Was the Champion of Okawaru. Demolished by a deep elf knight ... wielding a +0 great mace ... led by an ironheart preserver (25 damage) ... on level 4 of the Vaults. The game lasted 01:38:57 (39434 turns).

theanonym the Skullcrusher (Minotaur Noble)        Turns: 39434, Time: 01:38:57

Health: -21/187    AC: 43    Str: 37    XL:     19 ^: 5971
Magic:  34/34      EV: 21    Int:  7    God:    Okawaru [6* [200]]
Gold:   5668       SH:  5    Dex: 15    Spells: 20/20 levels left

rFire    + . .     Vision   .   Q - +7 morningstar "Vimam" {speed, rC+ MP+9 Dex+3}
rCold    + + +     Gourm    .   z - +2 eveningstar (holy)
rNeg     + . .     Faith    .   S - +12 gold dragon scales
rCorr    . . .     Spirit   .   G - +2 hat {MR+} {MR+}
rPois    +         Reflect  +   D - +0 cloak {MR+} {MR+}
rElec    .         Harm     .   L - +4 pair of gloves {Str+3}
MR       +++..     NoCast   +   H - +1 pair of boots "Mioriom" {-Cast rC+++ Dex+4 Stlth+}
Stlth    ..........             b - amulet of reflection
HPRegen  0.72/turn              P - ring of positive energy {rN+}
MPRegen  0.44/turn              a - ring of strength

@: lethally poisoned (-21 -> -22), heroism, corroded, studying Evocations
A: horns, retaliatory headbutt 2, no potion heal
}: 2/15 runes: decaying, gossamer
a: Heroism, Finesse, Renounce Religion


Innate Abilities, Weirdness & Mutations

You reflexively attack those that strike you in melee with your horns.
Potions cannot restore your health.


   Skills:
 + Level 20.4(25.4) Fighting
 O Level 27(32.0) Maces & Staves
 - Level 20.0(25.0) Armour
 + Level 14.6(19.6) Dodging
 - Level 0.7(5.7) Stealth
 - Level 1.0 Spellcasting
 - Level 10.0 Invocations


You had 20 spell levels left.
You didn't know any spells.
Your spell library contained the following spells:

 Spells                   Type           Power        Failure   Level  Hunger
 Beastly Appendage Tmut 0 (50) 65% 1 33-53 Confusing Touch Hex 0 (50) 65% 1 33-53 Flame Tongue Fire 0 (30) 65% 1 33-53 Magic Candle Hex/Fire 0 (90) 65% 1 33-53 Sandblast Erth 0 (50) 65% 1 33-53 Summon Small Mammal Summ 0 (25) 65% 1 33-53 Call Imp Summ 0 (100) 80% 2 73-113 Passwall Tmut/Erth 0 (120) 80% 2 73-113 Sticks to Snakes Tmut 0 (100) 80% 2 73-113 Swiftness Chrm/Air 0 (100) 80% 2 73-113 Blinding Spray Hex/Pois 0 (50) 95% 3 113-173 Call Canine Familiar Summ 0 (100) 95% 3 113-173 Recall Summ/Tloc N/A 95% 3 113-173 Scorpion Form Tmut/Pois 0 (200) 95% 3 113-173 Snakes to Sticks Hex/Tmut 0 (100) 95% 3 113-173 Animate Dead Necr N/A 100% 4 193-293 Cause Fear Hex 0 (200) 100% 4 193-293 Ice Form Ice/Tmut 0 (100) 100% 4 193-293 Passage of Golubria Tloc N/A 100% 4 193-293 Still Winds Hex/Air 0 (200) 100% 4 193-293 Summon Ice Beast Ice/Summ 0 (100) 100% 4 193-293 Blade Hands Tmut 0 (200) 100% 5 313-473 Lee's Rapid Deconstruct Erth 0 (200) 100% 5 313-473 Methodical Deconstructi Erth 0 (200) 100% 5 313-473 Silence Hex/Air 0 (200) 100% 5 313-473 Summon Lightning Spire Summ/Air 0 (100) 100% 5 313-473 Yara's Violent Unravell Hex/Tmut 0 (200) 100% 5 313-473 Borgnjor's Vile Clutch Necr/Erth 0 (200) 100% 6 433-653 Cigotuvi's Degeneration Tmut/Necr 0 (200) 100% 6 433-653 Darkness Hex 0 (200) 100% 6 433-653 Death Channel Chrm/Necr 0 (200) 100% 6 433-653 Deflect Missiles Chrm/Air 0 (200) 100% 6 433-653 Invisibility Chrm 0 (100) 100% 6 433-653 Simulacrum Ice/Necr 0 (200) 100% 6 433-653 Discord Hex            0 (200)      100%        8    673-1013

Skill      XL: |  1  2  3  4  5  6  7  8  9 10 11 12 13 14 15 16 17 18 19 |
---------------+----------------------------------------------------------+-----
Maces & Staves | 1 2 3 5 6 9 12 14 16 19 21 23 24 25 26 27 | 27.0
Armour         | 1 2 3 4 5 6 8 9 11 12 13 14 15 16 17 19 20 | 20.0
Fighting       | 2 3 4 5 7 8 9 11 12 13 14 15 16 17 19 20 | 20.4
Invocations    | 3 5 6 7 9 10 | 10.0
Dodging        | 1 5 8 10 12 14 | 14.6
Stealth        | |  0.7
Spellcasting   | |  1.0

Action                   |  1- 3 |  4- 6 |  7- 9 | 10-12 | 13-15 | 16-18 | 19-21 || total
-------------------------+-------+-------+-------+-------+-------+-------+-------++-------
Melee: Morningstar       |    54 |   108 |   268 |   549 |  1154 |  1497 |   348 ||  3978
       Unarmed           |    17 |       |       |       |       |       |       ||    17
       Headbutt          |     3 |     8 |    37 |    57 |   173 |   308 |   137 ||   723
       Mace              |    27 |    89 |   186 |       |       |       |       ||   302
       Eveningstar       |       |       |       |       |       |   207 |   287 ||   494
Invok: Heroism           |       |       |     2 |    13 |    27 |    40 |    11 ||    93
       Finesse           |       |       |       |       |       |     1 |     1 ||     2
Evoke: Phial of floods   |       |       |     1 |       |       |       |       ||     1
       Wand              |       |       |       |       |     9 |     6 |       ||    15
  Use: Scroll            |     1 |     1 |     4 |     4 |     7 |    16 |     4 ||    37
       Potion            |       |       |       |     2 |     7 |     2 |     5 ||    16
 Stab: Invisible         |       |       |       |       |     1 |       |       ||     1
       Distracted        |       |       |       |       |       |     1 |       ||     1
       Confused          |       |       |       |       |       |     2 |       ||     2
       Fleeing           |       |       |       |       |       |     1 |       ||     1
  Eat: Chunk             |       |     3 |    13 |    11 |    21 |    25 |    13 ||    86
       Ration            |       |       |       |     2 |     4 |     6 |     1 ||    13
Armor: Gold dragon scale |    68 |   148 |   223 |   205 |   610 |   953 |   279 ||  2486
Dodge: Dodged            |    16 |    68 |    90 |    92 |   215 |   514 |   176 ||  1171
Block: Other             |       |       |       |       |    20 |   208 |    62 ||   290
       Reflection        |       |       |       |       |       |     9 |     7 ||    16

Inventory:

Weapons
 z - a +2 eveningstar of holy wrath (weapon)
 Q - the +7 morningstar "Vimam" (weapon) {speed, rC+ MP+9 Dex+3} Attacks with this weapon are significantly faster. It affects your dexterity (+3). It protects you from cold. It affects your magic capacity (+9).
Armour
 D - a +0 cloak of magic resistance (worn) {MR+}
 G - a +2 hat of magic resistance (worn) {MR+}
 H - the +1 pair of boots "Mioriom" (worn) {-Cast rC+++ Dex+4 Stlth+}

   It affects your dexterity (+4).
   It renders you almost immune to cold.
   It prevents spellcasting.
   It makes you more stealthy.
 L - a +4 pair of gloves of strength (worn)
 N - the +4 hat of Minor Irritation {+Inv rPois Str+2}

   It affects your strength (+2).
   It protects you from poison.
   It lets you turn invisible.
 S - +12 gold dragon scales (worn)
 U - a scarf of resistance {rF+ rC+}
Jewellery
 a - a ring of strength (right hand)
 b - an amulet of reflection (around neck)
 J - an uncursed ring of ice
 O - an uncursed ring of fire
 P - a ring of positive energy (left hand) {rN+}
 W - an uncursed ring of protection from magic
Wands
 c - a wand of clouds (2)
 d - a wand of enslavement (16)
 v - a wand of acid (16)
 w - a wand of flame (22)
 E - a wand of iceblast (24)
 X - a wand of scattershot (1)
Scrolls
 f - 7 scrolls of fog
 g - 10 scrolls of immolation
 o - 3 scrolls of attention
 p - 5 scrolls of summoning
 t - 8 scrolls of teleportation
 y - 6 scrolls of magic mapping
 A - 2 scrolls of bless item
 B - 3 scrolls of blinking
 C - 4 scrolls of holy word
 K - 2 scrolls of fear
Potions
 h - 3 potions of haste
 i - 4 potions of brilliance
 j - 3 potions of agility
 m - 8 potions of might
 n - 7 potions of lignification
 q - 4 potions of heal wounds
 s - 8 potions of cancellation
 u - 13 potions of mutation
 x - 4 potions of resistance {rF+ rC+}
 F - 2 potions of invisibility
 I - 8 potions of ambrosia
 R - a potion of cure mutation
 T - 14 potions of curing
 V - 4 potions of berserk rage
Miscellaneous
 k - a phial of floods
 l - a fan of gales
 M - a lamp of fire
Comestibles
 e - 41 rations
 r - 20 chunks of flesh


You were on level 4 of the Vaults.
You worshipped Okawaru.
Okawaru was exalted by your worship.
You were not hungry.

You visited 7 branches of the dungeon, and saw 29 of its levels.
You visited 1 bazaar.
You also visited: Volcano and Market.

You collected 7219 gold pieces.
You spent 2551 gold pieces at shops.

Dungeon Overview and Level Annotations

Branches:
Dungeon (8/8)              Temple (1/1) D:4            Lair (6/6) D:5
  Swamp (4/4) Lair:3       Spider (4/4) Lair:3        Slime (0/5) Lair:5
    Orc (2/2) D:6             Elf (0/3) Orc:2        Vaults (4/5) D:7
  Crypt (0/3) Vaults:3     Depths (0/5) D:8         Volcano (visited)

Altars:
Ashenzari
Cheibriados
Dithmenos
Elyvilon
Fedhas Madash
Gozag Ym Sagoz
Hepliaklqana
Kikubaaqudgha
Makhleb
Nemelex Xobeh
Okawaru
Qazlal
Ru
Sif Muna
Trog
Uskayaw
Vehumet
Wu Jian
Xom
Yredelemnul
Zin
The Shining One

Shops:
D:4 :(?*(   Orc:2 !}?(!

Portals:
Pandemonium: Orc:2

Annotations:
D:7 exclusion: 2 lava snakes
Spider:2 3 exclusions

########....# #....
#....# #......... #....
#....# #.......... #....
#....# #.......... #....
#....# #.......... #####
#....# #...p...... #....#
#.o.o...... #....#
#..op...... #....#
#.@[)p.....
#....#####e###### #####
#................. .....
########.................
.....
.........................
.....
.........................
.....
............#############
##### ............#
########....#


You could see an ironheart preserver (fleeing), a vault guard, a deep elf
knight, an ironbrand convoker (fleeing) and 3 orc warriors.

Notes
Turn   | Place    | Note
-------+----------+-------------------------------------------
     0 | Start Ma | theanonym the Minotaur Noble began the quest for the Orb.
     0 | Start Ma | Reached XP level 1. HP: 16/16 MP: 1/1
     0 | Start Ma | Found Bisoguh's Mashing MeleeMart.
    12 | Start Ma | Bought a +0 morningstar for 160 gold pieces
    20 | Start Ma | Found Tatamnia's Expert Tomes.
    25 | Start Ma | Found Xulis's Auxillary Armour.
    27 | Start Ma | Bought +0 gold dragon scales for 800 gold pieces
    47 | D:1      | theanonym set off with the following items: a +0
                  | morningstar, +0 gold dragon scales, a ration
   213 | D:1      | Reached skill level 1 in Maces & Staves
   213 | D:1      | Reached XP level 2. HP: 24/24 MP: 2/2
   237 | D:1      | Reached skill level 1 in Armour
   274 | D:1      | Reached skill level 2 in Fighting
   274 | D:1      | Reached skill level 2 in Maces & Staves
   303 | D:1      | Reached XP level 3. HP: 29/29 MP: 3/3
   434 | D:1      | Reached skill level 3 in Maces & Staves
   434 | D:1      | Reached skill level 2 in Armour
   441 | D:1      | Reached XP level 4. HP: 29/37 MP: 4/4
   817 | D:2      | Reached skill level 3 in Fighting
   817 | D:2      | Reached XP level 5. HP: 45/45 MP: 5/5
   819 | D:2      | Reached skill level 4 in Maces & Staves
   900 | D:2      | HP: 19/45 [kobold/+0 mace of holy wrath[a big kobold] (5)]
   913 | D:1      | HP: 22/45 [big kobold/+0 short sword (1)]
   917 | D:1      | Reached skill level 3 in Armour
  1156 | D:2      | Reached skill level 5 in Maces & Staves
  1156 | D:2      | Reached XP level 6. HP: 33/52 MP: 6/6
  1277 | D:2      | HP: 25/52 [big kobold/+0 hatchet (3)]
  1278 | D:2      | Reached skill level 4 in Fighting
  1398 | D:2      | Reached skill level 4 in Armour
  1501 | D:2      | Reached skill level 6 in Maces & Staves
  1539 | D:2      | Reached XP level 7. HP: 60/60 MP: 7/7
  1732 | D:2      | Reached skill level 7 in Maces & Staves
  1746 | D:2      | HP: 30/60 [sewer rat (2)]
  1907 | D:2      | Found a sacrificial altar of Ru.
  2286 | D:2      | Reached skill level 5 in Fighting
  2540 | D:2      | Reached skill level 8 in Maces & Staves
  2592 | D:3      | Connectivity tunneler affected grunt_ogre_cave.
  2592 | D:3      | Connectivity tunneler affected grunt_ogre_cave.
  2600 | D:3      | Reached skill level 5 in Armour
  2838 | D:3      | Reached skill level 9 in Maces & Staves
  2869 | D:3      | Noticed Dowan
  2902 | D:3      | Killed Dowan
  2902 | D:3      | Reached XP level 8. HP: 69/69 MP: 8/8
  2946 | D:3      | Found a basalt altar of Yredelemnul.
  2998 | D:3      | Noticed Duvessa
  3005 | D:3      | Killed Duvessa
  3131 | D:3      | Reached skill level 10 in Maces & Staves
  3172 | D:3      | Reached skill level 6 in Fighting
  3247 | D:3      | Reached skill level 6 in Armour
  3734 | D:4      | Found Buossasi's Assorted Antiques.
  3738 | D:4      | Reached skill level 11 in Maces & Staves
  3750 | D:4      | Bought a scroll labeled QUELOGGUMN for 31 gold pieces
  3750 | D:4      | Bought a scroll labeled HONWUNN BOAST for 31 gold pieces
  3885 | D:4      | Reached skill level 7 in Fighting
  3885 | D:4      | Reached skill level 12 in Maces & Staves
  3952 | D:4      | Reached XP level 9. HP: 79/79 MP: 9/9
  3955 | D:4      | Found Utrugg's Magic Scroll Boutique.
  3968 | D:4      | Reached skill level 7 in Armour
  4023 | D:4      | Bought a scroll of blinking for 82 gold pieces
  4023 | D:4      | Bought a scroll of enchantment for 82 gold pieces
  4023 | D:4      | Bought a scroll of summoning for 104 gold pieces
  4114 | D:4      | Found Worib's Weapon Shop.
  4216 | D:4      | Found a staircase to the Ecumenical Temple.
  4223 | Temple   | Entered the Ecumenical Temple
  4438 | Temple   | Became a worshipper of Warmaster Okawaru
  4493 | D:4      | Found Nuuciuc's Book Boutique.
  4522 | D:4      | Found Ganoih's Antique Weapon Emporium.
  4616 | D:5      | Entered Level 5 of the Dungeon
  4631 | D:5      | Noticed a two-headed ogre
  4637 | D:5      | HP: 22/79 [two-headed ogre/cursed +4 giant spiked club
                  | {(Curse: Fragile)} (20)]
  4804 | D:4      | HP: 37/79 [orc warrior/+0 battleaxe (23)]
  4805 | D:4      | HP: 14/79 [orc warrior/+0 battleaxe (23)]
  4813 | D:4      | HP: 10/79 [orc warrior/+0 battleaxe (7)]
  5020 | D:5      | Reached skill level 13 in Maces & Staves
  5020 | D:5      | Reached skill level 1 in Invocations
  5046 | D:5      | Received a gift from Okawaru
  5066 | D:4      | Reached * piety under Okawaru
  5117 | D:5      | Noticed Pikel
  5130 | D:5      | Killed Pikel
  5130 | D:5      | Reached ** piety under Okawaru
  5130 | D:5      | Reached skill level 8 in Fighting
  5130 | D:5      | Reached skill level 14 in Maces & Staves
  5130 | D:5      | Reached skill level 2 in Invocations
  5152 | D:5      | Found a staircase to the Lair.
  5185 | D:5      | Reached skill level 8 in Armour
  5235 | D:5      | Noticed a troll
  5238 | D:5      | Killed a troll
  5238 | D:5      | Received a gift from Okawaru
  5238 | D:5      | Reached skill level 3 in Invocations
  5268 | D:5      | Reached XP level 10. HP: 70/90 MP: 9/11
  5277 | D:5      | HP: 45/90 [ogre/+0 giant spiked club (28)]
  5405 | D:5      | Found an ornate altar of the Wu Jian Council.
  5449 | D:5      | Reached *** piety under Okawaru
  5451 | D:5      | Reached skill level 15 in Maces & Staves
  5463 | D:5      | Reached skill level 4 in Invocations
  5578 | D:5      | Reached **** piety under Okawaru
  5658 | D:5      | Reached skill level 9 in Fighting
  5909 | D:5      | Reached skill level 9 in Armour
  6074 | D:5      | HP: 42/91 [guardian mummy/+0 halberd (10)]
  6220 | D:5      | Reached skill level 16 in Maces & Staves
  6432 | D:5      | Reached ***** piety under Okawaru
  6434 | D:5      | Received a gift from Okawaru
  6494 | D:5      | Killed a two-headed ogre
  6494 | D:5      | Reached skill level 5 in Invocations
  6705 | D:6      | Reached XP level 11. HP: 99/99 MP: 13/13
  6706 | D:6      | Received a gift from Okawaru
  6712 | D:6      | Reached skill level 17 in Maces & Staves
  6768 | D:6      | Noticed a two-headed ogre
  6774 | D:6      | Killed a two-headed ogre
  6857 | D:6      | Reached skill level 10 in Fighting
  6873 | D:6      | Reached skill level 10 in Armour
  7083 | D:6      | Reached skill level 6 in Invocations
  7092 | D:6      | HP: 50/100 [wolf spider zombie (6)]
  7266 | D:6      | Reached skill level 18 in Maces & Staves
  7298 | D:6      | Found a burning altar of Makhleb.
  7311 | D:6      | Noticed a two-headed ogre
  7317 | D:6      | Killed a two-headed ogre
  7360 | D:6      | Found a snail-covered altar of Cheibriados.
  7403 | D:6      | Reached ****** piety under Okawaru
  7409 | D:6      | Noticed a centaur warrior
  7419 | D:6      | Killed a centaur warrior
  7496 | D:6      | Found a sparkling altar of Nemelex Xobeh.
  7497 | D:6      | HP: 45/101 [cyclops/boulder (13)]
  7687 | Lair:1   | Entered Level 1 of the Lair of Beasts
  7696 | Lair:1   | Received a gift from Okawaru
  7696 | Lair:1   | Reached skill level 19 in Maces & Staves
  7764 | Lair:1   | Reached skill level 11 in Fighting
  7771 | Lair:1   | Reached skill level 11 in Armour
  7937 | Lair:1   | Reached XP level 12. HP: 110/110 MP: 15/15
  7979 | Lair:1   | Noticed a boulder beetle
  7988 | Lair:1   | Killed a boulder beetle
  8165 | Lair:1   | Reached skill level 20 in Maces & Staves
  8169 | Lair:1   | HP: 53/110 [wolf (9)]
  8356 | Lair:1   | Identified the cursed +1 ring mail "Ziuqew" {*Drain rC+++
                  | MR++ Int-5, (Curse: *Tele)}
  8581 | Lair:1   | HP: 50/111 [meliai/divine providence (15)]
  8978 | Lair:1   | Received a gift from Okawaru
  9885 | Lair:2   | Reached skill level 12 in Fighting
  9898 | Lair:2   | Reached skill level 12 in Armour
  9899 | Lair:2   | Reached skill level 21 in Maces & Staves
  9938 | Lair:2   | Identified a scroll of acquirement
 10018 | Lair:2   | Noticed a boulder beetle
 10030 | Lair:2   | Killed a boulder beetle
 10116 | Lair:2   | Noticed Maggie
 10127 | Lair:2   | Killed Maggie
 10200 | Lair:2   | Received a gift from Okawaru
 10524 | Lair:2   | Identified Sif Muna's Disquisition on the Dislocated
                  | Mountains (You acquired it on level 2 of the Lair of
                  | Beasts)
 10683 | Lair:3   | Reached XP level 13. HP: 109/119 MP: 16/16
 10696 | Lair:3   | HP: 55/119 [elephant (9)]
 10866 | Lair:3   | Reached skill level 22 in Maces & Staves
 10927 | Lair:3   | Found a hole to the Spider Nest.
 11045 | Lair:3   | Found a runed translucent gate.
 11046 | Lair:3   | Found a runed translucent gate.
 11046 | Lair:3   | Found a runed translucent gate.
 11046 | Lair:3   | Noticed Oluanan's ghost (journeyman DsFi)
 11048 | Lair:3   | Found the +8 autumn katana {slice, Clar}
 11358 | Lair:3   | Reached skill level 13 in Fighting
 11456 | Lair:3   | Reached skill level 13 in Armour
 11685 | Lair:3   | Found a staircase to the Swamp.
 11971 | Lair:3   | Identified the +1 pair of boots "Mioriom" {-Cast rC+++
                  | Dex+4 Stlth+} (Okawaru gifted it to you on level 3 of the
                  | Lair of Beasts)
 11971 | Lair:3   | Received a gift from Okawaru
 12215 | Lair:3   | Reached skill level 7 in Invocations
 12221 | Lair:3   | Killed Oluanan's ghost
 12221 | Lair:3   | Reached skill level 23 in Maces & Staves
 12799 | Lair:4   | Reached skill level 1 in Dodging
 12802 | Lair:4   | Reached XP level 14. HP: 78/129 MP: 18/18
 13030 | Lair:4   | Reached skill level 2 in Dodging
 13118 | Lair:4   | Received a gift from Okawaru
 13591 | Lair:5   | Reached skill level 8 in Invocations
 13599 | Lair:5   | Reached skill level 24 in Maces & Staves
 13757 | Lair:5   | Identified the cursed +10 buckler of Youthful Indiscretion
                  | {*Drain rElec Dex+4, (Curse: Slay-3)}
 13770 | Lair:5   | Found a staircase to the Slime Pits.
 14213 | Lair:5   | Reached skill level 3 in Dodging
 14284 | Lair:6   | Entered Level 6 of the Lair of Beasts
 14552 | Lair:6   | Reached skill level 14 in Fighting
 14645 | Lair:6   | Reached skill level 14 in Armour
 15031 | Lair:6   | Reached skill level 4 in Dodging
 15049 | Lair:6   | Identified the +4 hat of Minor Irritation {+Inv rPois
                  | Str+2} (Okawaru gifted it to you on level 6 of the Lair of
                  | Beasts)
 15049 | Lair:6   | Received a gift from Okawaru
 15664 | D:6      | Found a shadowy altar of Dithmenos.
 16075 | D:6      | Found a staircase to the Orcish Mines.
 16162 | D:7      | Reached skill level 9 in Invocations
 16164 | D:7      | Reached skill level 5 in Dodging
 16287 | D:7      | HP: 61/132 [catoblepas (22)]
 16440 | D:7      | Reached XP level 15. HP: 113/138 MP: 20/20
 16607 | D:7      | Found a gate to the Vaults.
 16902 | D:7      | Received a gift from Okawaru
 17073 | D:7      | Found a shadowy altar of Dithmenos.
 17385 | D:8      | Entered Level 8 of the Dungeon
 17787 | D:8      | Reached skill level 25 in Maces & Staves
 17818 | D:8      | Received a gift from Okawaru
 17855 | D:8      | Reached skill level 15 in Fighting
 18073 | D:8      | Reached skill level 15 in Armour
 18082 | D:8      | Found a staircase to the Depths.
 18532 | Orc:1    | Entered Level 1 of the Orcish Mines
 18569 | Orc:1    | Found a dark tunnel.
 18576 | Orc:1    | Noticed Josephine
 18581 | Volcano  | Entered a volcano
 18818 | Volcano  | Found a bloodstained altar of Trog.
 18823 | Volcano  | Reached skill level 10 in Invocations
 19108 | Orc:1    | HP: 68/140 [sixfirhy[an orc high priest] (10)]
 19110 | Orc:1    | HP: 32/140 [smoke demon/divine providence[an orc high
                  | priest] (14)]
 19141 | Orc:1    | HP: 41/141 [orc warrior/+0 halberd (11)]
 19214 | Orc:1    | HP: 62/141 [Josephine] (14)]
 19444 | Orc:1    | Killed Josephine
 19801 | Orc:1    | Found a shimmering blue altar of Sif Muna.
 19873 | Orc:2    | Entered Level 2 of the Orcish Mines
 19879 | Orc:2    | Found a staircase to the Elven Halls.
 19988 | Orc:2    | Found Feguax's Magic Scroll Shop.
 19989 | Orc:2    | Found Miacagud's Distillery.
 20324 | Orc:2    | Bought a scroll of blinking for 127 gold pieces
 20324 | Orc:2    | Bought a scroll of fear for 59 gold pieces
 20324 | Orc:2    | Bought a scroll of magic mapping for 59 gold pieces
 20324 | Orc:2    | Bought a scroll of enchantment for 127 gold pieces
 20326 | Orc:2    | Bought a potion of agility for 60 gold pieces
 20326 | Orc:2    | Bought a potion of heal wounds for 75 gold pieces
 20326 | Orc:2    | Bought a potion of might for 60 gold pieces
 20326 | Orc:2    | Bought a potion of berserk rage for 75 gold pieces
 20326 | Orc:2    | Bought a potion of mutation for 37 gold pieces
 20326 | Orc:2    | Bought a potion of mutation for 37 gold pieces
 20736 | Orc:2    | Found Himamy's Distillery.
 20752 | Orc:2    | Bought a potion of heal wounds for 60 gold pieces
 21067 | Orc:2    | Found a bloodstained altar of Trog.
 21067 | Orc:2    | Noticed Rupert
 21091 | Orc:2    | Killed Rupert
 21091 | Orc:2    | Received a gift from Okawaru
 21091 | Orc:2    | Reached XP level 16. HP: 140/149 MP: 20/22
 21288 | Orc:2    | HP: 35/150 [orc warrior/+0 glaive of pain (42)]
 21755 | Orc:2    | Received a gift from Okawaru
 21796 | Orc:2    | Reached skill level 6 in Dodging
 21877 | Orc:2    | Identified the cursed ring "Qoagroq" {Wiz rC+, (Curse:
                  | Fragile)}
 21971 | Orc:2    | Found Goetys's Antique Weapon Shoppe.
 21971 | Orc:2    | Found Guclurof's Gadget Emporium.
 21971 | Orc:2    | Found a one-way gate leading to the halls of Pandemonium.
 22018 | Orc:2    | Found Goetys's Antique Weapon Shoppe.
 22018 | Orc:2    | Found Guclurof's Gadget Emporium.
 22019 | Orc:2    | Found a one-way gate leading to the halls of Pandemonium.
 22052 | Orc:2    | Found Feguax's Magic Scroll Shop.
 22054 | Orc:2    | Found Miacagud's Distillery.
 22077 | Orc:2    | Found a staircase to the Elven Halls.
 22133 | Orc:2    | Found Himamy's Distillery.
 22251 | Orc:2    | Found a bloodstained altar of Trog.
 22960 | Spider:1 | Entered Level 1 of the Spider Nest
 24228 | Spider:2 | Reached skill level 16 in Fighting
 24232 | Spider:2 | Identified the Papyrus of Flames
 24520 | Spider:3 | Identified the +7 morningstar "Vimam" {speed, rC+ MP+9
                  | Dex+3} (Okawaru gifted it to you on level 3 of the Spider
                  | Nest)
 24520 | Spider:3 | Received a gift from Okawaru
 24706 | Spider:3 | Reached skill level 26 in Maces & Staves
 24706 | Spider:3 | Reached skill level 16 in Armour
 24740 | Spider:3 | Found the +12 Vampire's Tooth {vamp}
 25001 | Spider:4 | Entered Level 4 of the Spider Nest
 25046 | Spider:4 | Reached skill level 7 in Dodging
 25258 | Spider:4 | Received a gift from Okawaru
 25416 | Spider:4 | HP: 75/152 [poisoned by a redback]
 25421 | Spider:4 | HP: 73/152 [poisoned by a redback]
 25427 | Spider:4 | HP: 73/152 [poisoned by a redback]
 25433 | Spider:4 | HP: 73/152 [poisoned by a redback]
 25438 | Spider:4 | HP: 74/152 [poisoned by a redback]
 25846 | Spider:4 | Reached skill level 8 in Dodging
 25992 | Spider:4 | HP: 72/152 [emperor scorpion (6)]
 25997 | Spider:4 | HP: 67/152 [poisoned by a ghost moth]
 26001 | Spider:4 | Reached XP level 17. HP: 69/159 MP: 15/23
 26004 | Spider:4 | HP: 69/159 [poisoned by a ghost moth]
 26012 | Spider:4 | HP: 72/159 [poisoned by a ghost moth]
 26158 | Spider:4 | Got a gossamer rune of Zot
 26628 | Swamp:1  | Entered Level 1 of the Swamp
 26628 | Swamp:1  | Identified the cursed ring "Fesepehe" {Ice MP+9, (Curse:
                  | Fragile)}
 26932 | Swamp:1  | HP: 73/160 [ghost crab] (10)]
 27454 | Swamp:1  | Received a gift from Okawaru
 27544 | Swamp:2  | HP: 71/160 [thorn hunter/volley of thorns (14)]
 27549 | Swamp:1  | HP: 56/160 [thorn hunter (2)]
 27804 | Swamp:2  | Found a shimmering altar of Xom.
 27946 | Swamp:2  | Reached skill level 9 in Dodging
 28153 | Swamp:2  | Reached skill level 17 in Fighting
 28312 | Swamp:2  | Reached skill level 17 in Armour
 28317 | Swamp:2  | Received a gift from Okawaru
 28621 | Swamp:3  | Reached skill level 27 in Maces & Staves
 28939 | Swamp:3  | Identified the +5 ring mail "Vamn" {Int+2 Stlth+} (Okawaru
                  | gifted it to you on level 3 of the Swamp)
 28939 | Swamp:3  | Received a gift from Okawaru
 29267 | Swamp:4  | Entered Level 4 of the Swamp
 29325 | Swamp:4  | Reached skill level 10 in Dodging
 29553 | Swamp:4  | Reached XP level 18. HP: 148/171 MP: 24/24
 29564 | Swamp:4  | Identified the +6 buckler of Levity {-Vis rCorr Stlth+}
 29571 | Swamp:4  | HP: 83/171 [spriggan rider/+1 spear of venom (6)]
 29576 | Swamp:4  | HP: 82/171 [poisoned by a spriggan rider]
 29581 | Swamp:4  | HP: 84/171 [poisoned by a spriggan rider]
 29598 | Swamp:4  | HP: 76/171 [four-headed hydra (15)]
 29858 | Swamp:4  | Noticed the 27-headed Lernaean hydra
 29895 | Swamp:4  | Reached skill level 18 in Fighting
 29895 | Swamp:4  | Reached skill level 11 in Dodging
 29901 | Swamp:4  | Killed the 27-headed Lernaean hydra
 29910 | Swamp:4  | Received a gift from Okawaru
 30126 | Swamp:4  | Got a decaying rune of Zot
 30148 | Swamp:4  | Reached skill level 18 in Armour
 30685 | Vaults:1 | Entered Level 1 of the Vaults
 30911 | Vaults:1 | HP: 67/172 [??? (43)]
 31484 | Vaults:1 | Received a gift from Okawaru
 31564 | Vaults:1 | HP: 79/173 [vault warden/+4 war axe of electrocution (31)]
 32047 | Vaults:1 | Identified the cursed ring of Royalty {EV+5 Dex+7 +Vis,
                  | (Curse: Fragile)}
 32073 | Vaults:1 | HP: 67/173 [yaktaur captain/bolt[a boggart] (30)]
 32079 | Vaults:1 | HP: 23/173 [yaktaur captain/bolt[a boggart] (21)]
 32419 | Vaults:1 | HP: 86/173 [vault guard/cursed +3 bardiche of chopping
                  | {(Curse: Fragile)} (5)]
 32425 | Vaults:1 | Reached skill level 12 in Dodging
 33127 | Vaults:2 | Received a gift from Okawaru
 33289 | Vaults:2 | Found a flickering gateway to a bazaar.
 33297 | Bazaar   | Entered a bazaar
 33297 | Bazaar   | Found Gerocak's Assorted Antiques.
 33297 | Bazaar   | Found Fehuddor's Antique Weapon Shoppe.
 33298 | Bazaar   | Found Odaenko's Distillery.
 33298 | Bazaar   | Found Qufud's Book Emporium.
 33304 | Bazaar   | Bought a scroll of immolation for 70 gold pieces
 33304 | Bazaar   | Bought an embroidered cloak for 150 gold pieces
 33315 | Bazaar   | Bought a potion of haste for 100 gold pieces
 33315 | Bazaar   | Bought a potion of might for 40 gold pieces
 33315 | Bazaar   | Bought a potion of heal wounds for 50 gold pieces
 33315 | Bazaar   | Bought a potion of mutation for 25 gold pieces
 33315 | Bazaar   | Bought a potion of mutation for 25 gold pieces
 33315 | Bazaar   | Bought a potion of mutation for 25 gold pieces
 33343 | Vaults:2 | HP: 53/173 [vault warden/cursed +5 battleaxe of caustic
                  | ooze {(Curse: MR-)} (38)]
 33357 | Vaults:2 | HP: 72/173 [vault guard/+0 war axe[a vault warden] (1)]
 33857 | Vaults:2 | HP: 87/174 [deep elf sorcerer/divine providence[an
                  | ironheart preserver] (17)]
 33862 | Vaults:2 | HP: 68/174 [deep elf sorcerer/divine providence[an
                  | ironheart preserver] (16)]
 34155 | Vaults:2 | Found the +2 robe of Vines {NoPotionHeal Regen+7}
 34163 | Vaults:2 | Reached skill level 19 in Fighting
 34201 | Vaults:2 | Reached skill level 19 in Armour
 34207 | Vaults:2 | HP: 80/176 [deep elf archer/bolt[an ironheart preserver]
                  | (20)]
 34214 | Vaults:2 | HP: 72/176 [yaktaur/bolt[a vault warden] (6)]
 34219 | Vaults:2 | HP: 45/176 [deep elf sorcerer/divine providence[an
                  | ironheart preserver] (14)]
 34224 | Vaults:2 | HP: 38/176 [deep elf sorcerer/divine providence[an
                  | ironheart preserver] (14)]
 34269 | Vaults:1 | HP: 49/176 [yaktaur/bolt[a yaktaur captain] (8)]
 34274 | Vaults:1 | HP: 29/176 [disintegration[a yaktaur captain] (10)]
 34280 | Vaults:1 | HP: 12/176 [yaktaur/+0 glaive[a yaktaur captain] (16)]
 34570 | Vaults:2 | Reached XP level 19. HP: 161/182 MP: 25/25
 34762 | Vaults:2 | HP: 87/182 [stone giant/boulder (9)]
 34770 | Vaults:2 | HP: 85/182 [stone giant/boulder (7)]
 34776 | Vaults:2 | HP: 84/182 [ogre mage/bolt of cold (2)]
 34781 | Vaults:2 | HP: 70/182 [ogre mage/crystal spear (16)]
 35325 | Vaults:3 | HP: 78/183 [yaktaur captain/bolt (15)]
 35334 | Vaults:3 | Reached skill level 13 in Dodging
 35818 | Vaults:3 | Received a gift from Okawaru
 35927 | Vaults:3 | HP: 86/183 [vault warden/cursed +2 dire flail of crushing
                  | {(Curse: Fragile)}[a boggart] (24)]
 35934 | Vaults:3 | HP: 52/183 [vault warden/cursed +2 dire flail of crushing
                  | {(Curse: Fragile)}[a boggart] (2)]
 35940 | Vaults:3 | HP: 44/183 [harpy (13)]
 35946 | Vaults:3 | Identified the cursed ring "Axotarr" {AC+5 Int+3, (Curse:
                  | *Corrode Fragile)}
 35951 | Vaults:3 | HP: 46/183 [deep elf knight/cursed +1 long sword of
                  | electrocution {(Curse: Fragile)}[an ironheart preserver]
                  | (3)]
 35953 | Vaults:3 | HP: 22/183 [burnt (3)]
 35959 | Vaults:3 | HP: 28/183 [harpy (13)]
 35972 | Vaults:3 | HP: 27/183 [yaktaur/bolt (3)]
 36623 | Vaults:3 | Received a gift from Okawaru
 36731 | Vaults:3 | HP: 79/184 [cacodemon[a boggart] (59)]
 36731 | Vaults:3 | Gained mutation: Potions cannot restore your health.
                  | [magical radiation]
 37258 | Vaults:3 | Found a staircase to the Crypt.
 38334 | Vaults:4 | Reached skill level 14 in Dodging
 38338 | Vaults:4 | Identified the +11 sai of Chaos {venom, rPois rF+ MP+9
                  | Int+2} (Okawaru gifted it to you on level 4 of the Vaults)
 38338 | Vaults:4 | Received a gift from Okawaru
 38345 | Vaults:4 | Reached skill level 20 in Fighting
 38516 | Vaults:4 | Reached skill level 20 in Armour
 38828 | Vaults:4 | HP: 89/185 [acid (15)]
 39413 | Vaults:4 | Identified the cursed ring "Toepsi" {Wiz rPois Int+3 Dex+7,
                  | (Curse: Fragile)}
 39428 | Vaults:4 | HP: 93/187 [acid[an ironheart preserver] (4)]
 39431 | Vaults:4 | HP: 44/187 [orc warrior/+0 scimitar[an orc knight] (16)]
 39432 | Vaults:4 | HP: 14/187 [deep elf knight/+0 great mace[an ironheart
                  | preserver] (29)]
 39433 | Vaults:4 | HP: 5/187 [deep elf knight/+0 great mace[an ironheart
                  | preserver] (9)]
 39434 | Vaults:4 | Demolished by a deep elf knight

Vanquished Creatures
  Rupert (Orc:2)
  A tengu reaver (Vaults:4)
  3 thorn hunters
  11 vault wardens
  A deep elf sorcerer (Vaults:2)
  A frost giant (Vaults:4)
  8 ironheart preservers
  2 ghost moths (Spider:4)
  A fire giant (Vaults:3)
  the Lernaean hydra (Swamp:4)
  An entropy weaver (Vaults:3)
  A red draconian (Volcano)
  An eidolon (Vaults:3)
  A spark wasp (Spider:4)
  2 fire dragons
  A ghoul (Vaults:1)
  A deep elf death mage (Vaults:2)
  6 emperor scorpions (Spider:4)
  A verdant mould (Swamp:3)
  4 ice dragons
  Josephine (Orc:1)
  9 boulder beetles
  8 sphinx moths
  2 very ugly things (Vaults:4)
  2 ghost crabs
  A death knight (Vaults:1)
  6 catoblepae
  A rakshasa (Vaults:2)
  3 great orbs of eyes
  25 alligators
  A soul eater (Orc:2)
  The ghost of Oluanan the Fighter, a journeyman DsFi of Hepliaklqana (Lair:3)
  A swooping magpie (Lair:6)
  7 ogre magi
  7 yaktaur captains
  A shock serpent (shapeshifter) (D:6)
  5 orc high priests
  7 stone giants
  An ettin (Vaults:4)
  6 deep elf knights
  9 vault guards
  5 unseen horrors
  A fire crab (Lair:5)
  2 spriggan druids (Swamp:4)
  13 swamp dragons
  A tengu warrior (D:7)
  14 two-headed ogres
  9 ironbrand convokers
  2 harpies (Vaults:3)
  33 hydras
  2 deep elf archers (Vaults:2)
  3 shadow wraiths
  2 dancing weapons (D:7)
  Pikel (D:5)
  2 shambling mangroves (Swamp:4)
  6 wizards
  8 centaur warriors
  13 orc knights
  6 skeletal warriors
  3 flayed ghosts
  5 death yaks (Lair:6)
  An infernal demonspawn (Orc:2)
  10 deep elf magi
  A torpor snail (Spider:1)
  7 orb spiders
  7 manticores
  9 orc sorcerers (Orc:2)
  2 molten gargoyles (Volcano)
  9 giraffes
  A rust devil (Orc:2)
  7 vault sentinels
  A moth of wrath (Spider:4)
  7 black mambas
  17 ugly things
  A spiny frog (shapeshifter) (D:8)
  2 black mambas (shapeshifter)
  A smoke demon (Orc:2)
  25 spiny frogs
  Maggie (Lair:2)
  8 elephants (Lair:3)
  2 kobold demonologists (D:8)
  A rime drake (Lair:2)
  30 yaktaurs
  7 trolls
  26 wolf spiders
  13 bog bodies
  An efreet (D:8)
  10 freezing wraiths
  3 orange demons (Orc:2)
  4 meliai
  10 tyrant leeches
  31 jumping spiders
  An ice devil (Orc:2)
  A tengu conjurer (D:7)
  7 komodo dragons
  2 jumping spiders (shapeshifter)
  A polar bear (Lair:3)
  A queen bee (Lair:1)
  16 hornets
  6 wraiths
  10 demonic crawlers
  A vampire (D:6)
  31 blink frogs
  12 dream sheep (Lair:4)
  3 hippogriffs
  3 shadows
  36 yaks
  6 fire bats
  7 cyclopes
  4 wyverns
  7 acid dragons
  6 spriggans
  8 basilisks
  7 wargs
  2 tarantellas (shapeshifter)
  59 redbacks
  20 slime creatures
  26 tarantellas
  A vampire mosquito (D:7)
  3 guardian mummies
  2 wolf spider zombies
  A swamp worm (shapeshifter) (D:7)
  43 swamp worms
  6 insubstantial wisps (Swamp:4)
  A phantom (D:4)
  3 soldier ants (D:6)
  20 water moccasins
  44 orc warriors
  Duvessa (D:3)
  2 small abominations (Vaults:2)
  A hell hound (D:7)
  16 porcupines
  3 scorpions
  3 sky beasts
  8 swamp drakes
  4 eyes of draining
  12 ogres
  3 ice beasts
  A black bear (D:5)
  A redback zombie (D:7)
  15 wolves
  19 crocodiles
  8 boggarts
  4 big kobolds
  19 bullfrogs
  A meliai zombie (D:7)
  8 centaurs
  Dowan (D:3)
  A human simulacrum (Vaults:1)
  4 harpy skeletons (D:7)
  21 killer bees
  A quasit (D:6)
  A hornet zombie (D:7)
  6 electric eels
  6 lava snakes (Volcano)
  22 orc priests
  3 hounds
  10 jellies
  6 mummies (D:5)
  4 iguanas
  16 orc wizards
  6 hell rats (Lair:2)
  9 worker ants
  A wyvern zombie (D:5)
  2 wyvern skeletons
  7 giant cockroaches
  A bullfrog zombie (D:4)
  6 bullfrog skeletons
  A shadow imp (D:4)
  6 adders
  12 sewer rats
  11 cinder newts
  7 worms
  2 hound zombies (D:5)
  2 worker ant zombies (D:5)
  5 hound skeletons
  3 oozes
  6 leopard geckos
  69 orcs
  6 adder skeletons
  3 bats (D:1)
  2 goblins (D:1)
  3 hobgoblins (D:1)
  4 jackals (D:4)
  11 kobolds
  4 quokkas
  4 ball pythons
  A bat skeleton (D:2)
  An orc skeleton (D:2)
  6 quokka skeletons
  6 rats (D:1)
  A spectral orc (D:3)
  3 fire vortices (D:7)
  2 plants
  A slave (D:5)
1391 creatures vanquished.

Vanquished Creatures (collateral kills)
  A boggart (Vaults:3)
1 creature vanquished.

Vanquished Creatures (others)
  An alligator (Swamp:4)
  An unseen horror (Vaults:1)
  An ugly thing (Vaults:1)
  A yaktaur (Vaults:1)
  A wraith (Vaults:3)
  A redback (Spider:4)
  A swamp drake (Swamp:4)
  2 boggarts
  An orc wizard (Orc:1)
  A giant cockroach (D:2)
  An orc (Orc:1)
  A bat (D:2)
  A rat (D:2)
  A butterfly (D:7)
  A fungus (D:5)
  10 giant blowflies
  37 plants
  14 rainbow trout
  3 slaves (D:5)
  3 slimeheads (D:2)
  97 withered plants (D:2)
180 creatures vanquished.

Grand Total: 1572 creatures vanquished

Table legend:
 A = Turns spent in this place as a percentage of turns spent in the entire game.
 B = Non-inter-level travel turns spent in this place as a percentage of non-inter-level travel turns spent in the entire game.
 C = Inter-level travel turns spent in this place as a percentage of turns spent in this place.
 D = Turns resting spent in this place as a percentage of non-inter-level travel turns spent in this place.
 E = Turns spent auto-exploring this place as a percentage of non-inter-level travel turns spent in this place.
 F = Non-inter-level travel turns spent in this place divided by the number of levels of this place that you've seen.
                   A       B       C       D       E      F
               +-------+-------+-------+-------+-------+----------------------
         Total | 100.0 | 100.0 |   5.5 |  24.1 |  55.6 | 1164.9
       Dungeon |  27.3 |  26.7 |   7.6 |  23.4 |  54.5 | 1245.6
        Temple |   0.7 |   0.5 |  31.5 |   0.0 |  98.9 | 183.0
          Lair |  20.5 |  20.0 |   7.6 |  19.6 |  64.7 | 1244.5
         Swamp |   9.8 |   9.9 |   4.9 |  23.6 |  51.9 | 918.2
   Spider Nest |   9.1 |   9.2 |   5.1 |  20.6 |  60.4 | 854.8
  Orcish Mines |   8.9 |   9.1 |   3.6 |  23.0 |  52.7 | 1700.5
        Vaults |  22.1 |  23.0 |   1.6 |  33.0 |  48.2 | 2147.2
        Bazaar |   0.1 |   0.1 |   0.0 |   0.0 |  71.4 |  21.0
       Volcano |   1.3 |   1.4 |   0.0 |   0.0 |  72.6 | 511.0
        Market |   0.1 |   0.1 |   0.0 |   0.0 |   0.0 |  47.0
               +-------+-------+-------+-------+-------+----------------------
